Map: Dreamcatcher LE

Players

Online - Winner!

  • Race: Terran Terran
  • League: Master
  • Spawn Location: 5:00

vaiknetorm

  • Race: Protoss Protoss
  • League: Diamond
  • Spawn Location: 11:00

VOD

Have the link to the VOD?

Description

By OnlineStrategik

Time

  • Played on: July 10, 2018, 5:22 a.m.
  • Length: 8:29
Show
View Real Time Build Order
Export as new Build Order

Online Terran - Winner!

Build Orders: Liberator Opening, MMM Bio 

Get SALT Encoding   

  12  0:01  SCV  
  13  0:14  SCV  
  14  0:17  Supply Depot  
  14  0:26  SCV  
  15  0:39  SCV, Barracks  
  16  0:45  Refinery  
  16  0:51  SCV  
  17  1:03  SCV  
  18  1:15  SCV  
  19  1:29  Refinery, Marine  
  20  1:36  Orbital Command  
  20  1:48  Factory  
  20  2:05  Command Center  
  20  2:09  SCV  
  20  2:13  Barracks Reactor  
  21  2:21  Supply Depot  
  21  2:23  SCV  
  22  2:37  SCV  
  22  2:43  Starport  
  23  2:49  SCV  
  24  3:00  Widow Mine x2  
  24  3:01  Barracks Reactor  
  28  3:06  SCV  
  29  3:21  SCV, Orbital Command  
  30  3:27  Starport Tech Lab  
  30  3:32  Hellion x2  
  34  3:34  SCV  
  34  3:39  Liberator  
  35  3:46  SCV  
  36  3:51  SCV  
  36  3:55  Supply Depot  
  37  3:57  Medivac  
  37  3:58  Widow Mine x2  
  46  4:06  Stimpack  
  46  4:16  Marine  
  46  4:17  SCV  
  48  4:23  SCV, Hellion x2  
  51  4:56  Cyclone  
  54  5:01  Cyclone, Marine  
  58  5:08  Bunker  
  58  5:11  SCV  
  59  5:14  Barracks  
  59  5:16  Barracks  
  59  5:17  Starport Tech Lab  
  59  5:18  Barracks  
  55  5:37  SCV  
  55  5:40  SCV  
  55  5:55  SCV x2  
  53  6:06  Barracks Reactor, Barracks Tech Lab  
  53  6:07  SCV  
  54  6:12  Siege Tank, Supply Depot x2  
  54  6:13  Marine x3  
  54  6:15  Engineering Bay  
  54  6:16  Engineering Bay  
  54  6:17  Supply Depot  
  60  6:21  Supply Depot  
  60  6:22  SCV x2  
  62  6:33  Medivac x2, Marine x4  
  62  6:34  SCV, Supply Depot  
  62  6:35  Supply Depot  
  71  6:40  Combat Shields, Concussive Shells  
  71  6:44  Missile Turret  
  71  6:46  Supply Depot  
  71  6:48  Marine x2  
  71  6:51  Marine x2  
  71  6:52  SCV x2  
  77  6:55  Barracks  
  77  6:57  Marine x2, Hellion  
  77  7:00  Refinery  
  81  7:02  Refinery  
  81  7:04  SCV  
  82  7:11  Missile Turret  
  82  7:12  SCV  
  82  7:14  Missile Turret  
  83  7:15  Marine x3  
  83  7:16  Marauder, Marine  
  83  7:22  SCV  
  82  7:54  Marauder, Marine x5  
  82  7:55  SCV, Siege Tank, Marauder  
Show
View Real Time Build Order
Export as new Build Order

vaiknetorm Protoss 

Build Orders:  

Get SALT Encoding   

  12  0:01  Probe  
  13  0:13  Probe  
  14  0:18  Pylon  
  14  0:25  Probe  
  15  0:34  Probe  
  15  0:39  Gateway  
  16  0:42  Probe  
  17  0:50  Assimilator  
  17  0:51  Probe  
  18  1:02  Assimilator  
  18  1:08  Probe  
  19  1:16  Probe  
  19  1:24  Probe  
  20  1:28  Cybernetics Core  
  21  1:36  Probe  
  22  1:41  Pylon  
  22  1:48  Probe  
  23  1:57  Stalker  
  23  2:00  Probe  
  24  2:06  Warp Gate  
  26  2:12  Probe  
  27  2:21  Nexus  
  27  2:25  Probe  
  28  2:34  Pylon  
  28  2:37  Probe  
  31  2:49  Probe  
  30  2:54  Stalker  
  32  3:01  Probe  
  33  3:09  Robotics Facility  
  33  3:13  Probe  
  34  3:20  Shield Battery  
  34  3:24  Stalker  
  34  3:25  Shield Battery, Probe  
  37  3:30  Probe  
  38  3:34  Probe  
  38  3:38  Probe  
  39  3:42  Probe  
  39  3:46  Pylon  
  39  3:47  Probe  
  41  3:52  Probe  
  43  4:01  Probe  
  42  4:07  Gateway  
  42  4:11  Gateway  
  42  4:19  Observer  
  42  4:20  Probe x2  
  44  4:29  Pylon  
  45  4:32  Probe x2  
  45  4:34  Assimilator  
  45  4:37  Immortal, Pylon  
  47  4:43  Assimilator  
  47  4:44  Probe x2  
  53  4:52  Pylon  
  53  4:56  Shield Battery, Probe  
  53  4:57  Probe  
  53  4:58  Shield Battery  
  55  5:03  Pylon  
  55  5:06  Pylon  
  55  5:09  Probe, Stalker  
  58  5:16  Immortal  
  52  5:38  Probe x2  
  40  5:44  Stalker  
  40  5:49  Warp Prism  
  42  5:50  Probe x2  
  44  6:02  Probe  
  44  6:03  Probe  
  48  6:11  Probe x2, Stalker x3  
  56  6:19  Probe x2  
  58  6:29  Probe x2  
  58  6:32  Sentry  
  62  6:41  Sentry x2, Probe x2  
  68  6:53  Probe x2  
  70  6:59  Observer  
  70  7:02  Stalker  
  70  7:04  Stalker  
  70  7:05  Probe, Stalker  
  77  7:09  Nexus  
  70  7:40  Probe  
  70  7:41  Probe  
  57  7:53  Probe  
Tags
 
Add a new tag
Caveats
  • Supply blocks, unpowered buildings, or Contaminate may cause inaccurate times.
  • Supply counts are checked every 10 seconds.